 Dungeon Crawl Stone Soup version 0.30.0-10-gfe55d96785 (webtiles) character file.

Game seed: 12216283231576504454

7129 NateTC the Changer (level 10, -8/84 HPs)
             Began as a Pale Draconian Earth Elementalist on May 14, 2023.
             Was an Initiate of Hepliaklqana.
             Killed from afar by Lodul (16 damage)
             ... with a bolt of lightning
             ... on level 10 of the Dungeon.
             The game lasted 00:40:21 (12699 turns).

NateTC the Changer (DrEE)                          Turns: 12699, Time: 00:40:22

Health: -8/84      AC:  8    Str: 12    XL:     10   Next: 85%
Magic:  2/18       EV: 18    Int: 25    God:    Hepliaklqana [......]
Gold:   416        SH:  0    Dex: 11    Spells: 5/20 levels left

rFire   . . .        (no weapon)
rCold   . . .        (no shield)
rNeg    . . .        (body armour unavailable)
rPois   .            (helmet restricted)
rElec   .            l - scarf {shadows}
rCorr   .            q - +0 pair of gloves
SInv    .            (no boots)
Will    .....        (no amulet)
Stlth   ++           A - +5 ring of evasion
HPRegen 0.34/turn    x - +6 ring of intelligence
MPRegen 0.16/turn

%: no passive effects
@: no status effects
A: breathe steam, AC +7, unfitting armour, cold-blooded, steam resistance
a: Breathe Steam, Renounce Religion


You were on level 10 of the Dungeon.
You worshipped Hepliaklqana.
Hepliaklqana was noncommittal.
You visited 2 branches of the dungeon, and saw 11 of its levels.

You collected 416 gold pieces.

Inventory:

Missiles
 j - 2 throwing nets
Armour
 l - a scarf of shadows (worn)
 q - a +0 pair of gloves (worn)
Jewellery
 e - a +6 ring of strength
 x - a +6 ring of intelligence (right hand)
 y - a +4 ring of protection
 A - a +5 ring of evasion (left hand)
Wands
 a - a wand of light (39)
 p - a wand of flame (21)
Scrolls
 c - 4 scrolls of teleportation
 m - 3 scrolls of blinking
 n - a scroll of fear
 o - a scroll of amnesia
 s - a scroll of identify
 t - a scroll of magic mapping
 u - a scroll of poison
 v - 3 scrolls of fog
 z - a scroll of enchant armour {unknown}
Potions
 b - 3 potions of might
 d - 4 potions of heal wounds
 f - 3 potions of degeneration
 g - a potion of berserk rage
 h - a potion of ambrosia
 i - 4 potions of mutation
 k - 3 potions of attraction
 r - 2 potions of curing
 w - a potion of invisibility


   Skills:
 - Level 6.7 Fighting
 * Level 4.3 Dodging
 - Level 1.7 Stealth
 - Level 5.7 Spellcasting
 - Level 5.6 Conjurations
 * Level 4.1 Translocations
 + Level 7.6 Transmutations
 - Level 7.5 Air Magic
 - Level 6.0 Earth Magic


You had 5 spell levels left.
You knew the following spells:

 Your Spells              Type           Power      Damage    Failure   Level
a - Sandblast             Erth           74%        2d16      1%          1
b - Stone Arrow           Conj/Erth      72%        3d11      1%          3
c - Storm Form            Tmut/Air       22%        N/A       96%         7
d - Manifold Assault      Tloc           28%        N/A       14%         4

Your spell library contained the following spells:

 Spells                   Type           Power      Damage    Failure   Level
 Blink                    Tloc           56%        N/A       1%          2
 Passwall                 Tmut/Erth      34%        N/A       1%          2
 Swiftness                Air            44%        N/A       1%          3
 Petrify                  Tmut/Erth      41%        N/A       4%          4
 Dazzling Flash           Conj/Hex       42%        N/A       7%          3
 Ensorcelled Hibernation  Hex/Ice        14%        N/A       12%         2
 Ozocubu's Armour         Ice            7%         N/A       22%         3
 Silence                  Hex/Air        13%        N/A       41%         5
 Agony                    Necr           7%         N/A       91%         5
 Metabolic Englaciation   Hex/Ice        3%         N/A       91%         5
 Simulacrum               Ice/Necr       3%         N/A       100%        6


Dungeon Overview and Level Annotations

Branches:
Dungeon (10/15) Zot: 26692  Temple (1/1) D:6 Zot: 5963
   Lair: D:8-11         Orc: D:9-12

Altars:
Ashenzari
Cheibriados
Dithmenos
Elyvilon
Fedhas
Gozag
Hepliaklqana
Kikubaaqudgha
Makhleb
Nemelex Xobeh
Qazlal
Ru
Sif Muna
Trog
Uskayaw
Vehumet
Wu Jian
Xom
Yredelemnul
The Shining One

Shops:
D:8 *   D:9 **=

Annotations:
D:3 1 runed translucent door, Crazy Yiuf
D:5 3 runed translucent doors, Fractals's ghost, amateur DsGl
D:10 Lodul


Innate Abilities, Weirdness & Mutations

You can breathe blasts of scalding, opaque steam.
Your pale cyan-grey scales are hard. (AC +7)
You cannot fit into any form of body armour.
You are cold-blooded and may be slowed by cold attacks.
You are immune to the effects of steam.


Message History

Aim: Lodul, wielding a +0 dire flail (heavily wounded, 84% to hit)
The stone arrow hits Lodul!
Lodul is severely wounded.
Lodul misses you.
Casting: Stone Arrow (safe; 1% risk of failure)
Confirm with . or Enter, or press ? or * to list all spells.
Aiming: Stone Arrow (safe; 1% risk of failure)
Press: ? - help, Shift-Dir - straight line, f/p - Lodul
Aim: Lodul, wielding a +0 dire flail (severely wounded, 84% to hit)
The stone arrow misses Lodul.
Lodul hits you with a +0 dire flail!
Casting: Stone Arrow (safe; 1% risk of failure)
Confirm with . or Enter, or press ? or * to list all spells.
Aiming: Stone Arrow (safe; 1% risk of failure)
Press: ? - help, Shift-Dir - straight line, f/p - Lodul
Aim: Lodul, wielding a +0 dire flail (severely wounded, 84% to hit)
The stone arrow hits Lodul.
Lodul is severely wounded.
Lodul attacks as you move away! Lodul barely misses you.
Lodul attacks as you move away! Lodul hits you with a +0 dire flail.
There is an open door here.
Casting: Stone Arrow (safe; 1% risk of failure)
Confirm with . or Enter, or press ? or * to list all spells.
Aiming: Sandblast (safe; 1% risk of failure)
Press: ? - help, Shift-Dir - straight line, f/p - Lodul
Aim: Lodul, wielding a +0 dire flail (severely wounded, 90% to hit)
The blast of sand hits Lodul!
Lodul is almost dead.
You have got your breath back.
Lodul misses you.
Electricity crackles from Lodul's apparatus.
The bolt of lightning hits you!!
* * * LOW HITPOINT WARNING * * *
Lodul says, "All wealth is product of labour."
There is an open door here.
Electricity crackles from Lodul's apparatus.
The bolt of lightning hits you!!
* * * LOW HITPOINT WARNING * * *
Electricity crackles from Lodul's apparatus.
The bolt of lightning hits you!
You die...

##### #####+### #...#
#........
#...####.....>..
#########......'<.......
#..........@####[.......
............# #........
#######.##### #########
###O.# #...## #O### #.#
#.# ##O####### .#


You could see Lodul.

Vanquished Creatures
  Pikel (D:7)
  Maurice (D:10)
  Grinder (D:5)
  9 yaks
  2 acid dragons
  3 water moccasins (D:7)
  3 sky beasts
  4 orc warriors
  A black bear (D:4)
  5 ice beasts
  4 ogres (D:10)
  2 lemures (D:7)
  A centaur (D:6)
  2 phantoms (D:4)
  A kobold brigand (D:9)
  Blork the orc (D:5)
  4 bullfrogs
  3 gnoll sergeants
  3 scorpions
  7 killer bees
  2 howler monkeys
  5 hounds
  5 orc priests
  3 jellies
  4 gnoll boudas
  A sleepcap (D:5)
  An iguana (D:5)
  Terence (D:6)
  10 orc wizards
  12 adders
  28 gnolls
  2 shadow imps
  A white imp (D:8)
  2 ufetubi
  2 worms (D:5)
  32 orcs
  6 ball pythons
  6 bats
  6 endoplasms
  6 giant cockroaches
  9 hobgoblins
  6 jackals
  3 quokkas
  2 frilled lizards
  9 goblins
  11 kobolds
  5 rats
238 creatures vanquished.

Vanquished Creatures (others)
  A wizard (D:9)
  A killer bee (D:9)
2 creatures vanquished.

Grand Total: 240 creatures vanquished

Notes
Turn   | Place    | Note
-------+----------+-------------------------------------------
     0 | D:1      | NateTC the Draconian Earth Elementalist began the quest for
                  | the Orb.
     0 | D:1      | Reached XP level 1. HP: 14/14 MP: 3/3
   104 | D:1      | Reached skill level 1 in Conjurations
   504 | D:1      | Reached XP level 2. HP: 20/20 MP: 1/5
  1244 | D:1      | Reached XP level 3. HP: 11/26 MP: 1/6
  1312 | D:1      | Learned a level 3 spell: Stone Arrow
  1719 | D:2      | Found an ancient bone altar of Kikubaaqudgha.
  1781 | D:2      | Reached XP level 4. HP: 31/33 MP: 2/7
  1911 | D:2      | Found a faded altar of an unknown god.
  1947 | D:3      | Found a stormy altar of Qazlal.
  2444 | D:3      | Noticed a bullfrog
  2451 | D:3      | Killed a bullfrog
  2452 | D:3      | Reached XP level 5. HP: 38/38 MP: 2/8
  2556 | D:3      | Noticed Terence
  2835 | D:3      | Found a runed translucent door.
  2836 | D:3      | Noticed Crazy Yiuf
  3603 | D:4      | Reached skill level 5 in Earth Magic
  3603 | D:4      | Reached XP level 6. HP: 8/45 MP: 0/9
  3953 | D:4      | Identified the +2 sling of Ysaxots {drain, rPois Int-3
                  | Dex+3}
  4069 | D:4      | Reached skill level 5 in Conjurations
  4073 | D:4      | Your scales start taking on a pale cyan-grey colour.
  4073 | D:4      | Reached XP level 7. HP: 50/50 MP: 0/10
  4073 | D:4      | Gained mutation: You are immune to the effects of steam.
                  | [Pale Draconian growth]
  4247 | D:4      | Found a sparkling altar of Nemelex Xobeh.
  4800 | D:5      | Entered Level 5 of the Dungeon
  4978 | D:5      | Found a blossoming altar of Fedhas.
  4980 | D:5      | Found an ancient bone altar of Kikubaaqudgha.
  5103 | D:5      | Reached XP level 8. HP: 50/63 MP: 10/13
  5198 | D:5      | Noticed Blork the orc
  5203 | D:5      | Killed Blork the orc
  5426 | D:5      | Found a runed translucent gate.
  5426 | D:5      | Found a runed translucent gate.
  5427 | D:5      | Found a runed translucent gate.
  5431 | D:5      | Noticed Fractals's ghost (amateur DsGl)
  5466 | D:5      | Reached skill level 5 in Fighting
  5953 | D:5      | Found a shimmering altar of Xom.
  5965 | D:5      | Noticed Grinder
  5969 | D:5      | Killed Grinder
  5970 | D:5      | Reached skill level 5 in Spellcasting
  6323 | D:6      | Found a staircase to the Ecumenical Temple.
  6328 | D:6      | Identified the +5 spear "Maxtamm" {venom, Str+3 Int-4
                  | Dex+2}
  6358 | Temple   | Entered the Ecumenical Temple
  6398 | D:6      | Killed Terence
  6533 | D:6      | Learned a level 7 spell: Storm Form
  6739 | D:6      | Reached skill level 1 in Air Magic
  6739 | D:6      | Reached XP level 9. HP: 78/78 MP: 13/17
  8060 | D:7      | Identified the +4 flail "Joor" {speed, rPois Int+3}
  8258 | D:7      | Noticed Pikel
  8264 | D:7      | Killed Pikel
  8265 | D:7      | Reached skill level 5 in Transmutations
  8265 | D:7      | Reached skill level 5 in Air Magic
  9065 | D:8      | Found a basalt altar of Yredelemnul.
  9076 | D:8      | Found an opulent altar of Gozag.
  9080 | D:8      | Found Gozag's Platinum Reserve.
  9156 | D:8      | Reached XP level 10. HP: 63/84 MP: 11/18
  9598 | D:8      | HP: 4/84 [poisoned by a killer bee]
  9939 | D:8      | Found a sacrificial altar of Ru.
 10559 | D:8      | Learned a level 4 spell: Manifold Assault
 10728 | D:9      | Found a hazy altar of Hepliaklqana.
 10735 | D:9      | Became a worshipper of Hepliaklqana the Forgotten
 10767 | D:9      | Found Wuliu's Jewellery Emporium.
 10781 | D:9      | Found a glowing golden altar of the Shining One.
 10805 | D:9      | Found Udutoj's General Store.
 10958 | D:9      | Found a bloodstained altar of Trog.
 10961 | D:9      | Noticed a wizard
 10966 | D:9      | Killed a wizard
 11058 | D:9      | Reached skill level 1 in Translocations
 11419 | D:9      | Found Lustregh's General Store.
 11447 | D:9      | Found a burning altar of Makhleb.
 11900 | D:9      | Found a shimmering blue altar of Sif Muna.
 12395 | D:10     | Entered Level 10 of the Dungeon
 12501 | D:10     | Noticed Maurice
 12509 | D:10     | Killed Maurice
 12640 | D:10     | Noticed Lodul
 12699 | D:10     | Killed from afar by Lodul

Illustrated notes

Levels and vault maps discovered:
D:1:      dpeg_arrival_short_road, layout_basic
D:2:      layout_rooms, basic_altar, shapermc_ecumenical_altar_mp_urbaneastern
D:3:      minmay_recursive_quarters, layout_loops_corners,
          mainiacjoe_overflow_concentric_impassable, uniq_crazy_yiuf_cottage,
          uniq_terence
D:4:      layout_basic, nemelex_spade_bored_becter,
          hangedman_abyss_or_decor_lesser_grid
D:5:      layout_basic, grunt_temple_overflow_growth_and_decay,
          lemuel_doored_altar, enter_ossuary_5, gammafunk_ghost_necromancy,
          amethyst_killhole, uniq_blork_the_orc, uniq_grinder
D:6:      layout_loops_corners, minmay_temple_entry_offerings,
          lightli_orcish_oven
D:7:      layout_basic, uniq_pikel
D:8:      layout_cave_pods, nicolae_gozag_zags_fifth_avenue,
          kennysheep_mini_moat, mainiacjoe_overflow_cross_hatched, minivault_24
D:9:      layout_loops_ring, trog_wizard, nicolae_overflow_crystal_walls,
          mainiacjoe_overflow_paths, lemuel_crystal_altar, led_sif_book,
          serial_shops, shop, nicolae_shop_hallway_plus, shop,
          lemuel_flamethrower_2
D:10:     layout_roguey, mainiacjoe_overflow_brackets,
          mainiacjoe_overflow_catwalk, minivault_20, nrook_loot_triangle,
          kennysheep_nub, kennysheep_generic_room_11, uniq_lodul, uniq_maurice
Temple:   nicolae_temple_little_seven

Skill      XL: |  1  2  3  4  5  6  7  8  9 10 |
---------------+-------------------------------+-----
Conjurations   | 1 2 3 4 5 |  5.6
Earth Magic    | 4 5 6 |  6.0
Spellcasting   | 3 5 |  5.7
Fighting       | 3 6 |  6.7
Air Magic      | 1 6 7 |  7.5
Transmutations | 6 7 |  7.6
Dodging        | 4 |  4.3
Translocations | 4 |  4.1
Stealth        | |  1.7

Action                     |  1- 3 |  4- 6 |  7- 9 | 10-12 || total
---------------------------+-------+-------+-------+-------++-------
  Melee: Unarmed           |       |     6 |     4 |    11 ||    21
         Tailslap          |       |     2 |     1 |     1 ||     4
   Cast: Sandblast         |    62 |    97 |   158 |    53 ||   370
         Stone Arrow       |       |     5 |    48 |    57 ||   110
Ability: Breathe Steam     |       |       |    15 |     6 ||    21
    Use: Scroll            |     4 |     2 |    10 |     3 ||    19
         Potion            |       |     4 |       |     1 ||     5
 Armour: Skin              |    17 |    32 |    35 |    18 ||   102
  Dodge: Dodged            |    34 |    83 |    63 |    40 ||   220
